 Dungeon Crawl Stone Soup version 0.27-a0-1579-g97d2440184 (webtiles) character file.

Game seed: 13664264055258795993

574 Leszczynek the Skirmisher (level 7, 8/58 HPs)
             Began as a Human Gladiator on July 17, 2021.
             Quit the game on level 4 of the Dungeon.
             The game lasted 00:23:32 (2790 turns).

Leszczynek the Skirmisher (Human Gladiator)         Turns: 2790, Time: 00:23:32

Health: 8/58       AC:  4    Str: 14 (15) XL:     7   Next: 61%
Magic:  7/7        EV: 12    Int: 10      God:
Gold:   158        SH:  0    Dex: 14      Spells: 3/6 levels left

rFire    . . .     SeeInvis .   f - +1 dagger (elec)
rCold    . . .     Faith    .   (no shield)
rNeg     . . .     Spirit   .   a - +0 leather armour
rPois    .         Reflect  .   b - +0 helmet
rElec    .         Harm     .   (no cloak)
rCorr    .         Rampage  .   (no gloves)
Will     .....                  (no boots)
Stlth    +.........             (no amulet)
HPRegen  0.19/turn              (no ring)
MPRegen  0.10/turn              (no ring)

@: no status effects
A: no striking features
a: no special abilities


You were on level 4 of the Dungeon.
You visited 1 branch of the dungeon, and saw 6 of its levels.

You collected 158 gold pieces.

Inventory:

Hand Weapons
 f - a +1 dagger of electrocution (weapon)
 m - a +3 spear
Missiles
 c - 41 stones (quivered)
 g - 5 curare-tipped darts
 h - 69 arrows
 j - 3 boomerangs
 n - a throwing net
 r - 41 sling bullets
 u - 19 bolts
 v - 2 poisoned darts
Armour
 a - a +0 leather armour (worn)
 b - a +0 helmet (worn)
 k - a +0 buckler
 s - a +0 scale mail
Magical Staves
 t - a staff of earth
Scrolls
 d - a scroll of teleportation {unknown}
 i - a scroll of magic mapping {unknown}
 o - a scroll of amnesia
Potions
 e - a potion of flight


   Skills:
 - Level 6.3 Fighting
 + Level 0.0 Short Blades
 - Level 2.0 Throwing
 - Level 3.0 Dodging
 - Level 4.8 Unarmed Combat
 - Level 2.4 Transmutations


You had 3 spell levels left.
You knew the following spells:

 Your Spells              Type           Power      Damage    Failure   Level
a - Spider Form           Tmut/Pois      1%         N/A       65%         3

Your spell library contained the following spells:

 Spells                   Type           Power      Damage    Failure   Level
 Magic Dart               Conj           0%         1d3       43%         1
 Ensorcelled Hibernation  Hex/Ice        0%         N/A       58%         2
 Searing Ray              Conj           0%         3d3       58%         2
 Fulminant Prism          Conj/Hex       0%         3d6       99%         4
 Shadow Creatures         Summ           N/A        N/A       100%        6


Dungeon Overview and Level Annotations

Branches:
Dungeon (6/15)
 Temple: D:4-7

Altars:


Message History

The orc wizard casts a spell.
The orc wizard flickers and vanishes!
Deactivating autopickup; reactivate with Ctrl-A.
The orc wizard completely misses you.
You completely miss the orc wizard.
The orc wizard is moderately wounded.
The orc wizard hits you with a +0 dagger.
You hit the orc wizard.
The orc wizard is heavily wounded.
Something hits you but does no damage.
The orc wizard hits you but does no damage.
You hit the orc wizard but do no damage.
The orc wizard is heavily wounded.
Something hits you.
The orc wizard hits you with a +0 dagger.
The orc wizard shouts!
You hit the orc wizard.
The orc wizard is almost dead.
You hear some strange, mumbled words.
A magic dart appears from out of thin air!
The magic dart hits you. The orc wizard closely misses you.
Unknown command.
The orc wizard casts a spell at you. The puff of flame hits you!
You feel less invigorated.
You feel less confused.
You hear some strange, mumbled words.
A puff of flame appears from out of thin air!
The puff of flame hits you! The orc wizard closely misses you.
You hit the orc wizard.
The orc wizard is almost dead.
The orc wizard points at you and mumbles some strange words.
The magic dart hits you!
* * * LOW HITPOINT WARNING * * *
Something hits you.
* * * LOW HITPOINT WARNING * * *
The orc wizard hits you with a +0 dagger.
* * * LOW HITPOINT WARNING * * *
Unknown command.
Are you sure you want to abandon this character and quit the game? (Confirm with "yes".)

#........# .............##....
##...##..###...(................
##..#..##.........$..............
#..###.....#########.............
....[...#...# #.........)>..
#.#####.###.# ###o.........###
#.# #.###.#####.............# ).#
#.........#.##..(.....>.# ###
####.....o@.#.o.........#
#...)(.{##...........#
##....((.(...........###
##........####...|.....
#####....# #........< #.^..#
#......... #....# #.........
#....# ########## ######


You could see 2 orc wizards.

Vanquished Creatures
  An ogre (D:6)
  2 hounds (D:5)
  A jelly (D:5)
  A bullfrog zombie (D:6)
  An orc priest (D:5)
  2 bullfrog skeletons
  An iguana (D:5)
  2 orc wizards
  A scorpion zombie (D:3)
  A hound zombie (D:5)
  8 gnolls
  3 adders
  A dart slug (D:2)
  7 orcs
  A ball python (D:3)
  5 giant cockroaches
  2 hobgoblins (D:3)
  10 jackals
  3 quokkas
  2 bats (D:2)
  4 frilled lizards
  6 goblins
  3 kobolds
  A rat (D:2)
69 creatures vanquished.

Notes
Turn   | Place    | Note
-------+----------+-------------------------------------------
     0 | D:1      | Leszczynek the Human Gladiator began the quest for the Orb.
     0 | D:1      | Reached XP level 1. HP: 16/16 MP: 1/1
   119 | D:1      | Reached XP level 2. HP: 20/23 MP: 2/2
   290 | D:2      | Reached skill level 3 in Fighting
   359 | D:3      | Reached XP level 3. HP: 24/29 MP: 3/3
   583 | D:3      | Reached skill level 4 in Fighting
   583 | D:3      | Reached XP level 4. HP: 18/37 MP: 4/4
   592 | D:3      | oh, cancellation doesn't cancel poison? good to know
   992 | D:3      | Reached XP level 5. HP: 20/43 MP: 5/5
  1238 | D:5      | Entered Level 5 of the Dungeon
  1250 | D:5      | Reached skill level 5 in Fighting
  1285 | D:4      | SEVEN curare
  1285 | D:4      | huh
  1561 | D:5      | HP: 5/44 [orc priest/nerve-wracking pain (12)]
  1563 | D:5      | Reached XP level 6. HP: 6/52 MP: 6/6
  1637 | D:4      | Reached skill level 6 in Fighting
  1864 | D:5      | Reached skill level 4 in Unarmed Combat
  1969 | D:5      | Learned a level 3 spell: Spider Form
  2048 | D:5      | HP: 1/52 [iguana (13)]
  2053 | D:5      | nice
  2095 | D:5      | Reached XP level 7. HP: 10/58 MP: 7/7
  2265 | D:6      | Reached skill level 1 in Transmutations
  2312 | D:6      | Reached skill level 2 in Transmutations
  2789 | D:4      | HP: 11/58 [something (3)]
  2790 | D:4      | Quit the game

Illustrated notes .. .### # #... . ..# #. ##.## #.##...# #......## ##+## #....@..####...## ..^.##+##.........## . #...####.......## #.K?#..###......# #...#..#.##.....+ #. #...#..#.†'.....# #..#...#..#.##....## # # ..#...#..###....## # ..##'#?!!#)##.....## # Turn 592 on D:3: oh, cancellation doesn't cancel poison? good to know #####... . #... #..#.. #... #... .... ####..### .# ####.......#..# .|.........#.# .............# .........@...# .............# .# .............###.## ................... .......#........... ......##....##.... ............# )... ............# .. ............# Turn 1285 on D:4: SEVEN curare

.................>#
..#.############.########
.........................
###..###########.########
#..#.......#####'###
...#..####.#.......#
#.##..# #.......# #.....#
#.......# #####..
#.#....@..### ...
#......l....# #..
#######'###.####
#####.........
#......##.###
#.............
#.!.....#.#### #.....$(#
# #.......#


Turn 2053 on D:5: nice

Levels and vault maps discovered:
D:1:      minmay_arrival_up_and_down, layout_rooms,
          shapermc_ecumenical_altar_mp_vishouse, hangedman_decor_push,
          corner_web_ring, hex_large, hangedman_decor_clover_reticule
D:2:      layout_loops_ring, kennysheep_boxes
D:3:      layout_loops_corners, hangedman_glass_teeth, minmay_divided_ellipse
D:4:      layout_rooms, minmay_a_box_with_orc_wizards_in_it, uniq_menkaure
D:5:      layout_basic, overflow_temple_1_default
D:6:      layout_basic, lemuel_round_altar,
          minmay_temple_entry_statues_fountains

Skill      XL: |  1  2  3  4  5  6  7 |
---------------+----------------------+-----
Fighting       | 3 4 5 6 |  6.3
Unarmed Combat | 4 |  4.8
Transmutations | 2 |  2.4
Throwing       | |  2.0
Dodging        | |  3.0

Action                   |  1- 3 |  4- 6 |  7- 9 || total
-------------------------+-------+-------+-------++-------
Melee: Unarmed           |   112 |       |       ||   112
       Punch             |     5 |     2 |     1 ||     8
       Mace              |    27 |    16 |       ||    43
       Rapier            |       |    70 |       ||    70
       Dagger            |       |    33 |    58 ||    91
Throw: Throwing net      |     2 |     2 |       ||     4
       Dart              |       |    24 |     4 ||    28
       Stone             |       |     1 |     5 ||     6
  Use: Potion            |       |     9 |     1 ||    10
       Scroll            |       |     3 |       ||     3
 Stab: Sleeping          |     1 |       |       ||     1
       Held in net/web   |     1 |     1 |       ||     2
Armor: Leather armour    |    31 |     5 |     8 ||    44
       Scale mail        |       |    43 |       ||    43
Dodge: Dodged            |    87 |    69 |    32 ||   188

Table legend: (Time is in decaauts)
 A = Elapsed time spent in this place.
 B = Non-inter-level travel time spent in this place.
 C = Inter-level travel time spent in this place.
 D = Time resting spent in this place.
 E = Time spent auto-exploring this place.
 F = Levels seen in this place.
 G = Mean time per level.
                   A        B        C        D        E       F      G
               +--------+--------+--------+--------+--------+-----+--------+
         Total |   2892 |   2829 |     63 |      0 |      0 |   6 |  482.0 |
       Dungeon |   2892 |   2829 |     63 |      0 |      0 |   6 |  482.0 |
               +--------+--------+--------+--------+--------+-----+--------+

Top non-repeatable levels by time:
     D:5: 1144 daAuts
     D:3: 918 daAuts
     D:4: 316 daAuts
     D:1: 187 daAuts
     D:2: 172 daAuts
     D:6: 152 daAuts
